 Dungeon Crawl Stone Soup version 0.29.1-14-g9c671dbff4 (webtiles) character file.

Game seed: 11132569165574945171

114 Sanktem7 the Trooper (level 4, 0/42 HPs)
             Began as a Minotaur Fighter on Feb 18, 2023.
             Slain by Natasha (4 damage)
             ... on level 2 of the Dungeon.
             The game lasted 00:01:45 (1493 turns).

Sanktem7 the Trooper (Minotaur Fighter)             Turns: 1493, Time: 00:01:45

Health: 0/42       AC:  7    Str: 22    XL:     4   Next: 67%
Magic:  3/3        EV:  9    Int:  5    God:
Gold:   135        SH:  4    Dex: 10    Spells: 3/3 levels left

rFire   . . .      SeeInvis .   h - +1 hand axe (elec) {axe}
rCold   . . .      Faith    .   c - +0 buckler
rNeg    . . .      Spirit   .   b - +0 scale mail
rPois   .          Reflect  .   (helmet restricted)
rElec   .          Harm     .   (no cloak)
rCorr   .          Rampage  .   (no gloves)
Will    .....                   (no boots)
Stlth   ..........              (no amulet)
HPRegen 0.14/turn               (no ring)
MPRegen 0.08/turn               (no ring)

@: slowed, very slow
A: horns 2, retaliatory headbutt
a: no special abilities


You were on level 2 of the Dungeon.
You visited 1 branch of the dungeon, and saw 2 of its levels.

You collected 135 gold pieces.


Innate Abilities, Weirdness & Mutations

You have a pair of horns on your head.
You reflexively headbutt those who attack you in melee.


   Skills:
 * Level 5.0 Fighting
 * Level 4.2 Axes
 + Level 4.3 Armour
 - Level 3.6 Shields


You had 3 spell levels left.
You didn't know any spells.
Your spell library contained the following spells:

 Spells                   Type           Power      Damage    Failure   Level
 Inner Flame              Hex/Fire       0%         N/A       99%         3
 Portal Projectile        Hex/Tloc       0%         N/A       99%         3
 Tukima's Dance           Hex            0%         N/A       99%         3
 Cause Fear               Hex            0%         N/A       100%        4
 Blade Hands              Tmut           0%         N/A       100%        5
 Discord                  Hex            0%         N/A       100%        8

Inventory:

Hand Weapons
 a - a +0 war axe {axe}
 h - a +1 hand axe of electrocution (weapon) {axe}
   (You found it on level 1 of the Dungeon)
Missiles
 i - 18 stones (quivered) {throwing}
Armour
 b - a +0 scale mail (worn)
 c - a +0 buckler (worn)
Scrolls
 e - a scroll of noise {unknown}
 j - 2 scrolls of immolation {unknown}
 k - a scroll of enchant weapon {unknown}
 l - 2 scrolls of identify {unknown}
 n - a scroll of amnesia {unknown}
 o - 2 scrolls of poison {unknown}
 q - a scroll of enchant armour {unknown}
Potions
 d - a potion of might
 f - a potion of mutation {unknown}
 g - 3 potions of curing {unknown}
 m - a potion of flight {unknown}
 p - a potion of berserk rage {unknown}

Dungeon Overview and Level Annotations

Branches:
Dungeon (2/15) Zot: 10489

Altars:

Annotations:
D:2 Natasha

'.## ##........†....# . #...
#.............# .
#...####.............# # .
##......#)..).........##+##.# .
.......)#...)...............# .
.......))).).........>......+
......................#....##
................h.....#....#
...........†...@......#.......
...............##.....#####...#
........#########........#
.....
........#########........# ....
.........................# ....
......................###
#....................#
................#
................#


You could see Natasha (resistant).


Message History

You are too injured to fight recklessly!
You are too injured to fight recklessly!
You are too injured to fight recklessly!
You are too injured to fight recklessly!
You are too injured to fight recklessly!
You are too injured to fight recklessly!
You are too injured to fight recklessly!
You are too injured to fight recklessly!
You are too injured to fight recklessly!
You are too injured to fight recklessly!
You are too injured to fight recklessly!
You are too injured to fight recklessly!
You are too injured to fight recklessly!
You are too injured to fight recklessly!
You are too injured to fight recklessly!
You are too injured to fight recklessly!
You are too injured to fight recklessly!
You are too injured to fight recklessly!
You are too injured to fight recklessly!
You are too injured to fight recklessly!
You are too injured to fight recklessly!
You are too injured to fight recklessly!
You are too injured to fight recklessly!
You are too injured to fight recklessly!
You hit Natasha. Natasha barely misses you.
You hit Natasha. Natasha claws you. 😮 HP[-2]
You take 2 damage, and now have 19/34 hp.
You barely miss Natasha. Natasha claws you.
* * * LOW HITPOINT WARNING * * *
😨 HP[-4]
You take 4 damage, and now have 15/34 hp.
You closely miss Natasha. You headbutt Natasha.
You kill Natasha!
Natasha growls in agony!
Your Axes skill increases to level 4!
You have reached level 4!
You feel agile. 😨 HP[+3] MP[+1]
You now have 41 max hp (+7).
You regained 3 hp, and now have 18/41 hp.
Your mp is fully restored (3).
Natasha, Servant of Life and Death comes into view. 😨 HP[+1] Natasha casts a spell at you.
You resist with some effort.
You hit Natasha but do no damage.
Natasha growls.
Natasha barely misses you. 😨 HP[+1]
You hit Natasha.
Natasha mumbles some strange words.
Natasha shimmers violently.
Natasha claws you.
* * * LOW HITPOINT WARNING * * *
😨 HP[-6]
You take 6 damage, and now have 14/41 hp.
You slash Natasha! Natasha casts a spell at you. The magic dart hits you.
* * * LOW HITPOINT WARNING * * *
😨 HP[-1]
You take 1 damage, and now have 13/41 hp.
You barely miss Natasha. You headbutt Natasha.
You kill Natasha!
Natasha screams in pain as she dies!
Your Fighting skill increases to level 5!
You now have 42 max hp (+1).
You see here the felid corpse of Natasha.
Natasha, Servant of Life and Death comes into view. 😨 HP[+3]
You regained 3 hp, and now have 16/42 hp. 😨 HP[+1] Natasha howls an incantation.
You feel troubled.
Natasha drinks a potion.
Natasha suddenly seems more resistant.
Natasha closely misses you. You furiously retaliate!
You headbutt Natasha! You hit Natasha. Natasha barely misses you.
You closely miss Natasha. Natasha casts a spell at you.
The magic dart hits you but does no damage.
You block Natasha's attack.
You barely miss Natasha. Natasha closely misses you.
You hit Natasha but do no damage. Natasha claws you.
* * * LOW HITPOINT WARNING * * *
You closely miss Natasha.
Natasha stares at you and mumbles some strange words.
You feel yourself slow down. 😨 HP[-5]
You take 5 damage, and now have 12/42 hp.
You closely miss Natasha. Natasha barely misses you.
Natasha wildly gestures.
Natasha glows brightly for a moment.
Natasha claws you!
* * * LOW HITPOINT WARNING * * *
😱 HP[-8]
You take 8 damage, and now have 4/42 hp.
You barely miss Natasha. Your headbutt misses Natasha. Natasha claws you.
You die...

Skill      XL: |  1  2  3  4 |
---------------+-------------+-----
Fighting       | 4 5 |  5.0
Axes           | 3 4 |  4.2
Armour         | 4 |  4.3
Shields        | |  3.6

Action                   |  1- 3 |  4- 6 || total
-------------------------+-------+-------++-------
Melee: Hand axe          |    67 |    11 ||    78
       War axe           |     4 |       ||     4
       Headbutt          |     4 |     1 ||     5
Armor: Scale mail        |    33 |     1 ||    34
Dodge: Dodged            |    25 |     5 ||    30
Block: Buckler           |    21 |     1 ||    22

Levels and vault maps discovered:
D:1:      dpeg_arrival_renting, layout_basic, shapermc_ecumenical_altar_venn
D:2:      layout_basic, minmay_tall_x, uniq_crazy_yiuf_cottage, uniq_robin,
          uniq_natasha

Notes
Turn   | Place    | Note
-------+----------+-------------------------------------------
     0 | D:1      | Sanktem7 the Minotaur Fighter began the quest for the Orb.
     0 | D:1      | Reached XP level 1. HP: 19/19 MP: 0/0
     0 | D:1      | magus.rc [v1.9.6]
   393 | D:1      | Reached XP level 2. HP: 24/27 MP: 1/1
   434 | D:1      | Reached skill level 4 in Fighting
   523 | D:1      | Found a faded altar of an unknown god.
   974 | D:2      | Reached skill level 3 in Axes
  1052 | D:2      | Reached skill level 4 in Armour
  1052 | D:2      | Reached XP level 3. HP: 27/34 MP: 2/2
  1354 | D:2      | You pick up a book of Weapons and begin reading...
  1354 | D:2      | You add the spells Tukima's Dance, Portal Projectile and
                  | Blade Hands to your library.
  1376 | D:2      | You pick up a book of Hexes and begin reading...
  1376 | D:2      | You add the spells Inner Flame, Cause Fear and Discord to
                  | your library.
  1411 | D:2      | Noticed Robin
  1420 | D:2      | Killed Robin
  1440 | D:2      | Noticed Natasha
  1447 | D:2      | Killed Natasha
  1448 | D:2      | Reached skill level 4 in Axes
  1448 | D:2      | Reached XP level 4. HP: 18/41 MP: 3/3
  1453 | D:2      | Noticed Natasha
  1460 | D:2      | Killed Natasha
  1461 | D:2      | Reached skill level 5 in Fighting
  1482 | D:2      | Noticed Natasha
  1492 | D:2      | HP: 4/42 [Natasha (8)]
  1493 | D:2      | Slain by Natasha

Vanquished Creatures
  Natasha (twice) (D:2)
  Robin (D:2)
  An adder (D:2)
  2 dart slugs
  3 endoplasms
  A giant cockroach (D:2)
  11 goblins
  3 hobgoblins
  3 jackals (D:2)
  A quokka (D:2)
  2 ball pythons
  4 bats
  4 frilled lizards
  A kobold (D:2)
  A rat (D:1)
40 creatures vanquished.

Table legend:
 A = Non-vault XP
 B = Vault XP
 C = Vault XP percentage of total XP
 D = Non-vault monster count
 E = Vault monster count
 F = Vault count percentage of total count
                 A         B        C        D         E       F
            +---------+---------+-------+---------+---------+-------
      Total |      83 |      81 |  49.4 |      23 |      17 |  42.5
            +---------+---------+-------+---------+---------+-------
        D:1 |      17 |       0 |   0.0 |      11 |       0 |   0.0
        D:2 |      66 |      81 |  55.1 |      12 |      17 |  58.6
            +---------+---------+-------+---------+---------+-------

Illustrated notes

Table legend:
 A = Kills in this place as a percentage of kills in entire the game.
 B = Kills by you in this place as a percentage of kills by you in the entire game.
 C = Kills by friends in this place as a percentage of kills by friends in the entire game.
 D = Other kills in this place as a percentage of other kills in the entire game.
 E = Experience gained in this place as a percentage of experience gained in the entire game.
 F = Experience gained in this place divided by the number of levels of this place that you have seen.
                   A       B       C       D       E      F
               +-------+-------+-------+-------+-------+----------------------
         Total | 100.0 | 100.0 |   N/A |   N/A | 100.0 |  82.0
       Dungeon | 100.0 | 100.0 |   N/A |   N/A | 100.0 |  82.0
               +-------+-------+-------+-------+-------+----------------------

Table legend: (Time is in decaauts)
 A = Elapsed time spent in this place.
 B = Non-inter-level travel time spent in this place.
 C = Inter-level travel time spent in this place.
 D = Time resting spent in this place.
 E = Time spent auto-exploring this place.
 F = Levels seen in this place.
 G = Mean time per level.
                   A        B        C        D        E       F      G
               +--------+--------+--------+--------+--------+-----+--------+
         Total |   1508 |   1508 |      0 |      0 |   1304 |   2 |  754.0 |
       Dungeon |   1508 |   1508 |      0 |      0 |   1304 |   2 |  754.0 |
               +--------+--------+--------+--------+--------+-----+--------+

Top non-repeatable levels by time:
     D:1: 929 daAuts
     D:2: 578 daAuts
